Map: Hielo y cromo EE

Players

MrFercho - Winner!

  • Race: Zerg Zerg
  • League: Silver
  • Spawn Location: 7:00

Akopian

  • Race: Protoss Protoss
  • League: Platinum
  • Spawn Location: 1:00

VOD

Have the link to the VOD?

Description

Time

  • Played on: June 25, 2020, 11:55 p.m.
  • Length: 14:59
Show
View Real Time Build Order
Export as new Build Order

MrFercho Zerg - Winner!

Build Orders: Hatch First 

Get SALT Encoding   

  12  0:01  Drone  
  13  0:13  Overlord  
  13  0:29  Drone  
  13  0:31  Drone x2  
  16  0:55  Drone  
  16  0:56  Drone  
  18  0:58  Hatchery  
  17  1:13  Spawning Pool  
  16  1:20  Drone x2  
  16  1:23  Drone  
  19  1:34  Drone  
  20  1:52  Drone  
  21  1:56  Extractor  
  21  1:58  Overlord  
  21  2:13  Drone  
  22  2:20  Hatchery  
  22  2:21  Hatchery  
  19  2:44  Roach Warren  
  19  2:45  Queen  
  15  4:37  Drone  
  15  4:38  Drone x5  
  13  7:00  Spawning Pool  
  12  7:14  Drone  
  12  7:15  Drone x5  
  18  7:36  Drone  
  19  7:44  Extractor  
  19  7:46  Drone x6  
  24  7:51  Queen  
  26  8:20  Evolution Chamber  
  25  8:32  Zergling x2  
  25  8:33  Zergling x10  
  31  8:39  Queen  
  33  8:52  Drone  
  33  8:54  Overlord  
  34  9:16  Spine Crawler  
  33  9:28  Drone x7  
  40  9:33  Lair, Extractor  
  39  10:15  Drone  
  39  10:16  Drone x2  
  42  10:30  Overlord  
  42  10:31  Overlord x3  
  42  10:36  Overlord x3  
  42  10:45  Zerg Missile Weapons Level 1  
  42  10:49  Drone x5  
  47  11:30  Drone x10  
  57  11:35  Extractor  
  57  11:36  Extractor  
  57  11:38  Drone x2  
  57  12:04  Drone  
  57  12:05  Drone x8  
  57  12:06  Hatchery  
  65  12:09  Extractor  
  65  12:10  Extractor  
  63  12:25  Hydralisk Den  
  62  12:30  Drone, Spire  
  62  12:31  Drone x8  
  70  12:53  Extractor  
  69  13:03  Hatchery  
  68  13:40  Drone x3  
  71  13:44  Queen  
  71  13:46  Mutalisk x7  
  87  14:01  Zergling x6  
  87  14:02  Zergling x20  
  100  14:13  Mutalisk  
  102  14:39  Zergling x14  
  102  14:40  Zergling x2  
Show
View Real Time Build Order
Export as new Build Order

Akopian Protoss 

Build Orders: Cannon Rush 

Get SALT Encoding   

  12  0:10  Pylon  
  12  0:30  Forge  
  12  0:34  Probe  
  12  0:42  Probe  
  14  0:50  Pylon  
  14  1:27  Photon Cannon  
  14  1:28  Photon Cannon  
  14  1:32  Photon Cannon  
  14  1:43  Gateway  
  14  1:48  Assimilator  
  14  1:50  Probe  
  15  2:00  Pylon  
  15  2:08  Probe  
  16  2:20  Probe  
  17  2:24  Photon Cannon  
  17  2:33  Probe  
  18  2:39  Photon Cannon  
  18  3:01  Pylon  
  18  3:10  Photon Cannon  
  18  3:17  Photon Cannon  
  18  3:25  Photon Cannon  
  18  3:36  Cybernetics Core  
  18  3:50  Probe  
  19  4:02  Probe  
  20  4:14  Probe  
  19  4:26  Probe  
  20  4:39  Probe  
  5  5:21  Zealot  
Tags
 
Add a new tag
Caveats
  • Supply blocks, unpowered buildings, or Contaminate may cause inaccurate times.
  • Supply counts are checked every 10 seconds.